 Dungeon Crawl Stone Soup version 0.31-a0-187-gba352fbbf7 (webtiles) character file.

Game seed: 11937077295791803768

235 qw the Skirmisher (level 5, 0/30 HPs)
             Began as a Deep Elf Hunter on June 22, 2023.
             Slain by a water moccasin (8 damage)
             ... on level 4 of the Dungeon.
             The game lasted 00:01:01 (2640 turns).

qw the Skirmisher (Deep Elf Hunter)                 Turns: 2640, Time: 00:01:01

Health: 0/30       AC:  6    Str: 16    XL:     5   Next: 76%
Magic:  7/7        EV: 11    Int: 14    God:
Gold:   158        SH:  0    Dex: 18    Spells: 4/4 levels left

rFire   . . .        Y - +1 shortbow
rCold   . . .        (shield currently unavailable)
rNeg    . . .        g - +0 ring mail
rPois   .            (no helmet)
rElec   .            (no cloak)
rCorr   .            b - +0 pair of gloves
SInv    .            (no boots)
Will    .....        (no amulet)
Stlth   +            l - +6 ring of strength
HPRegen 0.25/turn    (no ring)
MPRegen 0.10/turn

%: no passive effects
@: lethally poisoned (0 -> -11)
A: no striking features
a: no special abilities


You were on level 4 of the Dungeon.
You visited 1 branch of the dungeon, and saw 4 of its levels.

You collected 158 gold pieces.


   Skills:
 - Level 2.0 Fighting
 - Level 9.1 Ranged Weapons
 + Level 2.4 Dodging
 - Level 1.2 Stealth


You had 4 spell levels left.
You didn't know any spells.
Your spell library was empty.

Inventory:

Hand Weapons
 Y - a +1 shortbow (weapon)
Armour
 b - a +0 pair of gloves (worn)
 g - a +0 ring mail (worn)
 m - a +1 ring mail of willpower
 n - the +3 ring mail "Fikog" {rPois}
   (You found it on level 4 of the Dungeon)

   rPois:     It protects you from poison.
Jewellery
 l - a +6 ring of strength (left hand)
Scrolls
 c - a scroll of teleportation
 o - a scroll of summoning {unknown}
Potions
 a - a potion of enlightenment {unknown}
 d - a potion of resistance
 e - 2 potions of curing {unknown}
 f - a potion of magic {unknown}
 h - a potion of cancellation {unknown}
 i - a potion of degeneration {unknown}
 j - a potion of attraction {unknown}
 k - a potion of ambrosia {unknown}

Dungeon Overview and Level Annotations

Branches:
Dungeon (4/15)
 Temple: D:4-7

Altars:
Ashenzari
Uskayaw


Message History

Enter note: You shoot an arrow.
The arrow hits the hound but does no damage.
The hound stops to sniff the ground.
A water moccasin comes into view.
You shoot an arrow. The arrow closely misses the hound.
You shoot an arrow. The arrow hits the hound!
The hound is almost dead.
You shoot an arrow.
The arrow hits the hound but does no damage.
The hound is almost dead.
The hound closely misses you. The hound bites you but does no damage.
You shoot an arrow.
The arrow hits the hound but does no damage.
The hound is almost dead.
The hound bites you but does no damage.
You shoot an arrow.
The arrow hits the hound but does no damage.
The hound is almost dead.
The hound barely misses you. The water moccasin closely misses you.
The hound bites you.
You shoot an arrow. The arrow hits the hound.
The hound is almost dead.
The water moccasin bites you. The hound barely misses you.
The water moccasin bites you but does no damage.
The hound misses you.
You shoot an arrow. The arrow hits the hound!
You kill the hound!
The water moccasin bites you!
Your Fighting skill increases to level 2!
You shoot an arrow. The arrow hits the water moccasin.
The water moccasin is lightly wounded.
The water moccasin bites you.
You are lethally poisoned!
The water moccasin poisons you! The water moccasin bites you.
You shoot an arrow.
The arrow barely misses the water moccasin.
You feel very sick. The water moccasin bites you!
You die...

### ############ ..# #
#....S...... #.# #.
#.#.@%...... ..# .##.##
#.#.######## #.# .....
##.#.# #.# #.#.#####....#
#.# ###............#
#######.## ........###...##
#~~.....~~
#.....(#.##########~~..~~...
###.##.............)~....~~.
#%####.#.######....~......


You could see a water moccasin.

Vanquished Creatures
  A scorpion (D:4)
  A jelly (D:4)
  A hound (D:4)
  An adder (D:3)
  3 worms
  4 dart slugs
  2 orcs (D:3)
  10 ball pythons
  7 bats
  5 endoplasms
  3 giant cockroaches
  6 goblins
  8 hobgoblins
  7 jackals (D:3)
  9 kobolds
  6 quokkas
  6 frilled lizards
  5 rats
85 creatures vanquished.

Notes
Turn   | Place    | Note
-------+----------+-------------------------------------------
     0 | D:1      | qw the Deep Elf Hunter began the quest for the Orb.
     0 | D:1      | Reached XP level 1. HP: 12/12 MP: 3/3
     0 | D:1      | 0 ||| qw: Version: 0.3-a-9-g12657ce
     0 | D:1      | 0 ||| qw: Game counter: 2707
     0 | D:1      | 0 ||| qw: Always use a shield: true
     0 | D:1      | 0 ||| qw: God list: Okawaru
     0 | D:1      | 0 ||| qw: Allow faded altars: false
     0 | D:1      | 0 ||| qw: Do Orc after D:15 true
     0 | D:1      | 0 ||| qw: Do second Lair branch before Depths: true
     0 | D:1      | 0 ||| qw: Lair rune preference: random
     0 | D:1      | 0 ||| qw: Plans: Normal
     0 | D:1      | 0 ||| PLANNING D:1-11
   109 | D:1      | Reached skill level 6 in Ranged Weapons
   109 | D:1      | Reached XP level 2. HP: 16/16 MP: 4/4
   623 | D:1      | 623 ||| UPGRADING to +0 ring mail.
   633 | D:1      | 633 ||| DROPPING +0 leather armour.
   634 | D:1      | 634 ||| READING scroll labelled SUZ KIARIJ.
   635 | D:1      | 635 ||| READING scroll labelled XUCUJE WUHA.
   638 | D:1      | 638 ||| DRINKING 2 smoky pink potions.
   639 | D:1      | 639 ||| DROPPING scroll of butterflies.
   688 | D:2      | Reached XP level 3. HP: 20/20 MP: 5/5
   767 | D:2      | 767 ||| FLEEEEING.
   769 | D:2      | 769 ||| FLEEEEING.
   770 | D:2      | 770 ||| FLEEEEING.
   771 | D:2      | 771 ||| FLEEEEING.
   772 | D:2      | 772 ||| FLEEEEING.
   912 | D:2      | Reached skill level 7 in Ranged Weapons
  1018 | D:2      | Found a broken altar of Ashenzari.
  1509 | D:2      | 1509 ||| UPGRADING to +0 pair of gloves.
  1514 | D:2      | 1514 ||| READING scroll labelled CYERIOSSIH.
  1515 | D:2      | 1515 ||| DRINKING 2 sapphire potions.
  1516 | D:2      | 1516 ||| DROPPING potion of invisibility.
  1612 | D:3      | Reached XP level 4. HP: 25/25 MP: 6/6
  2199 | D:3      | Reached skill level 8 in Ranged Weapons
  2317 | D:3      | 2317 ||| DROPPING +1 robe of positive energy.
  2318 | D:3      | 2318 ||| UPGRADING to +6 ring of strength.
  2319 | D:3      | 2319 ||| READING scroll labelled JEKOLI YRAYTA.
  2392 | D:4      | Found a hide-covered altar of Uskayaw.
  2395 | D:4      | Identified the +3 ring mail "Fikog" {rPois}
  2522 | D:4      | Noticed a scorpion
  2524 | D:4      | Killed a scorpion
  2525 | D:4      | Reached XP level 5. HP: 29/29 MP: 7/7
  2578 | D:4      | Reached skill level 9 in Ranged Weapons
  2631 | D:4      | Noticed a water moccasin
  2640 | D:4      | Slain by a water moccasin

Levels and vault maps discovered:
D:1:      dpeg_arrival_arbitrary_c, layout_rooms, serial_aquarium,
          aquarium_bridge_straight [aquarium_subvault_bridge,
          aquarium_subvault_balcony, aquarium_subvault_bridge,
          aquarium_subvault_wall], aquarium_bridge_square
          [aquarium_subvault_bridge, aquarium_subvault_wall,
          aquarium_subvault_window, aquarium_subvault_wall], aquarium_window_1,
          aquarium_window_2, aquarium_window_corner, aquarium_window_corridor_1,
          aquarium_view_2b, aquarium_balcony_5b
D:2:      layout_basic, basic_altar
D:3:      layout_basic, serial_park_tiny_2, nicolae_the_louvre
D:4:      kennysheep_goblin_castle, layout_loops_ring, nicolae_uskayaw_suspiria,
          serial_shops, shop, kennysheep_generic_room_11

Skill      XL: |  1  2  3  4  5 |
---------------+----------------+-----
Ranged Weapons | 6 7 8 9 |  9.1
Fighting       | 2 |  2.0
Dodging        | |  2.4
Stealth        | |  1.2

Action                     |  1- 3 |  4- 6 || total
---------------------------+-------+-------++-------
   Fire: Shortbow          |   126 |    91 ||   217
    Use: Scroll            |     3 |     1 ||     4
         Potion            |     2 |       ||     2
 Armour: Leather armour    |     3 |       ||     3
         Ring mail         |     3 |     7 ||    10
  Dodge: Dodged            |    11 |    14 ||    25

Table legend:
 A = Non-vault XP
 B = Vault XP
 C = Vault XP percentage of total XP
 D = Non-vault monster count
 E = Vault monster count
 F = Vault count percentage of total count
                 A         B        C        D         E       F
            +---------+---------+-------+---------+---------+-------
      Total |     337 |       0 |   0.0 |      85 |       0 |   0.0
            +---------+---------+-------+---------+---------+-------
        D:1 |      40 |       0 |   0.0 |      22 |       0 |   0.0
        D:2 |      46 |       0 |   0.0 |      23 |       0 |   0.0
        D:3 |      74 |       0 |   0.0 |      29 |       0 |   0.0
        D:4 |     177 |       0 |   0.0 |      11 |       0 |   0.0
            +---------+---------+-------+---------+---------+-------
